 Dungeon Crawl Stone Soup version 0.25.1-3-ge44b62a0b3 (webtiles) character file.

Game seed: 4966590556255442327

86 Glamhuggeren the Cutter (level 4, -2/34 HPs)
             Began as a Demonspawn Gladiator on Nov 23, 2020.
             Hit by a boomerang thrown by an orc warrior (12 damage)
             ... on level 2 of the Dungeon.
             The game lasted 00:06:07 (1114 turns).

Glamhuggeren the Cutter (Demonspawn Gladiator)      Turns: 1114, Time: 00:06:07

Health: -2/34      AC:  6    Str: 14    XL:     4   Next: 26%
Magic:  4/4        EV: 13    Int:  9    God:
Gold:   72         SH:  0    Dex: 16    Spells: 3/3 levels left

rFire    . . .     SeeInvis .   a - +0 rapier
rCold    . . .     Gourm    .   (no shield)
rNeg     . . .     Faith    .   b - +0 leather armour
rPois    .         Spirit   .   c - +0 helmet
rElec    .         Reflect  .   (no cloak)
rCorr    .         Harm     .   (no gloves)
MR       .....                  (no boots)
Stlth    ++........             (no amulet)
HPRegen  0.11/turn              (no ring)
MPRegen  0.09/turn              (no ring)

@: no status effects
A: claws 1, molten scales 1, spiny 1
a: no special abilities


You were on level 2 of the Dungeon.
You were hungry.

You visited 1 branch of the dungeon, and saw 2 of its levels.

You collected 72 gold pieces.

Inventory:

Hand Weapons
 a - a +0 rapier (weapon)
 k - a +0 hunting sling
Missiles
 h - 24 stones (quivered)
Armour
 b - a +0 leather armour (worn)
 c - a +0 helmet (worn)
 m - a +0 pair of boots
Wands
 n - a wand of random effects (6)
Scrolls
 i - a scroll of blinking {unknown}
Potions
 e - a potion of haste {unknown}
 j - a potion of curing {unknown}
 l - a potion of cancellation {unknown}
Comestibles
 f - 4 rations


   Skills:
 + Level 2.8 Fighting
 * Level 3.7 Short Blades
 - Level 2.0 Throwing
 - Level 3.0 Dodging
 + Level 1.0 Stealth


You had 3 spell levels left.
You didn't know any spells.
Your spell library contained the following spells:

 Spells                   Type           Power        Failure   Level  Hunger
 Magic Dart               Conj           #...         45%         1    ##.....
 Blink                    Tloc           N/A          61%         2    ###....
 Call Imp                 Summ           #.......     61%         2    ###....
 Slow                     Hex            #.......     61%         2    ###....
 Conjure Flame            Conj/Fire      #.......     83%         3    ####...
 Mephitic Cloud           Conj/Pois/Air  #.......     83%         3    ####...


Dungeon Overview and Level Annotations

Branches:
Dungeon (2/15)

Altars:


Innate Abilities, Weirdness & Mutations

You have sharp fingernails.
You are partially covered in molten scales. (AC +2)
You are partially covered in sharp spines.


Message History

The orc closely misses you. The orc warrior closely misses you.
You closely miss the orc warrior.
The orc warrior is lightly wounded.
The orc misses you.
The orc warrior hits you but does no damage.
You completely miss the orc warrior.
The orc warrior is lightly wounded.
The orc is struck by your spines. The orc closely misses you.
The orc warrior closely misses you.
You hit the orc warrior but do no damage.
The orc warrior is lightly wounded.
The orc is struck by your spines.
You kill the orc!
You hit the orc warrior.
The orc warrior is moderately wounded.
The orc warrior hits you with a +0 battleaxe!
* * * LOW HITPOINT WARNING * * *
Okay, then.
The orc warrior throws a boomerang.
The boomerang hits you!
You die...

#.##.....# ######
##'#......+ ......
#.........#
......###.........+
.......##........>#
.....#..........#
...#.)....#####+######
#.#...).[...........
#...@.o..[(.......##+
#.#.####.............
..$#.##...............
.....+...###............
.......#.#.#
#..o.........
.......#.#.#
#.....>......
.#.#.###.#.###.֠.o.......
................$.....###
#.###..####............


You could see an orc warrior.

Vanquished Creatures
  Jessica (D:2)
  2 adders (D:2)
  2 oozes (D:1)
  A leopard gecko (D:2)
  2 orcs
  6 bats
  4 hobgoblins (D:1)
  2 jackals (D:1)
  2 kobolds (D:1)
  2 frilled lizards
  4 goblins
  A rat (D:1)
29 creatures vanquished.

Notes
Turn   | Place    | Note
-------+----------+-------------------------------------------
     0 | D:1      | Glamhuggeren the Demonspawn Gladiator began the quest for
                  | the Orb.
     0 | D:1      | Reached XP level 1. HP: 16/16 MP: 1/1
   109 | D:1      | Gained mutation: You are partially covered in molten
                  | scales. (AC +2) [demonic ancestry]
   109 | D:1      | Reached XP level 2. HP: 21/22 MP: 2/2
   722 | D:1      | Gained mutation: You are partially covered in sharp spines.
                  | [demonic ancestry]
   722 | D:1      | Reached XP level 3. HP: 28/28 MP: 3/3
   844 | D:2      | Noticed Jessica
   850 | D:2      | Killed Jessica
   850 | D:2      | Gained mutation: You have sharp fingernails. [demonic
                  | ancestry]
   850 | D:2      | Reached XP level 4. HP: 31/34 MP: 4/4
   853 | D:2      | Reached skill level 1 in Stealth
   862 | D:2      | Noticed an orc warrior
  1114 | D:2      | Hit by a boomerang thrown by an orc warrior

Illustrated notes

Levels and vault maps discovered:
D:1:      dpeg_arrival_simpleton_c, layout_loops_ring
D:2:      layout_basic, nicolae_ashenzari_panopticon, lemuel_round_altar,
          lemuel_round_altar, vehumet_crystals, first_ration, uniq_jessica

Skill      XL: |  1  2  3  4 |
---------------+-------------+-----
Short Blades   | 3 |  3.7
Throwing       | 2 |  2.0
Dodging        | 3 |  3.0
Stealth        | 1 |  1.0
Fighting       | |  2.8

Action                   |  1- 3 |  4- 6 || total
-------------------------+-------+-------++-------
Melee: Rapier            |    65 |    18 ||    83
Throw: Throwing net      |       |     5 ||     5
Evoke: Wand              |       |     1 ||     1
 Stab: Sleeping          |     2 |       ||     2
       Held in net/web   |       |     1 ||     1
Armor: Leather armour    |    31 |     4 ||    35
Dodge: Dodged            |    46 |    21 ||    67
